 Dungeon Crawl Stone Soup version 0.24.0-10-g970556be89 (webtiles) character file.

Game seed: 13412732602484788731, levelgen mode: deterministic

100 theswoord the Cudgeler (level 4, -7/52 HPs)
             Began as a Demonspawn Monk on Nov 4, 2019.
             Killed by divine providence
             ... invoked by an orc priest
              (12 damage)
             ... on level 3 of the Dungeon.
             The game lasted 00:03:05 (2055 turns).

theswoord the Cudgeler (Demonspawn Monk)            Turns: 2055, Time: 00:03:06

Health: -7/52      AC: 22    Str: 12    XL:     4   Next: 47%
Magic:  4/4        EV:  2    Int: 12    God:
Gold:   79         SH:  0    Dex: 15    Spells: 3/3 levels left

rFire    . . .     SeeInvis .   i - +1 whip
rCold    . . .     Gourm    .   (no shield)
rNeg     + + +     Faith    .   (armour currently unavailable)
rPois    +         Spirit   .   (helmet currently unavailable)
rElec    .         Reflect  .   (cloak currently unavailable)
rCorr    .         Harm     .   (gloves currently unavailable)
MR       .....     NoTele   +   (boots currently unavailable)
Stlth    ++........             (no amulet)
HPRegen  0.17/turn              (no ring)
MPRegen  0.09/turn              (no ring)

@: tree-form
A: demonic guardian 1
a: no special abilities


You were on level 3 of the Dungeon.
You were not hungry.
You were a tree.
You visited 1 branch of the dungeon, and saw 3 of its levels.

You collected 79 gold pieces.

Inventory:

Hand Weapons
 a - a +0 mace
 i - a +1 whip (weapon)
Armour
 b - a +0 robe
 d - a +2 leather armour of cold resistance (melded)
Scrolls
 g - a scroll of random uselessness {unknown}
 j - a scroll of blinking {unknown}
 k - a scroll of teleportation {unknown}
 l - a scroll of identify {unknown}
Potions
 e - a potion of lignification
 m - 2 potions of flight
Comestibles
 c - 3 rations


   Skills:
 - Level 3.0 Fighting
 + Level 4.8 Maces & Flails
 - Level 2.6 Dodging
 - Level 1.7 Stealth


You had 3 spell levels left.
You didn't know any spells.
Your spell library was empty.

Dungeon Overview and Level Annotations

Branches:
Dungeon (3/15)

Altars:
Ashenzari
Cheibriados
Dithmenos
Hepliaklqana
Makhleb
Trog


Innate Abilities, Weirdness & Mutations

((You have sharp toenails.))
A weak demonic guardian rushes to your aid.
((You have a pair of small antennae on your head.))
((You can translocate small distances at will.))
((Armour fits poorly on your strangely shaped body.))


Message History

The bat hits you but does no damage. x2
The adder bites you but does no damage.
You closely miss the adder.
The adder is heavily wounded.
Your shadow imp looks more healthy.
The bat hits you but does no damage.
Your shadow imp hits the adder.
The adder bites you but does no damage.
You closely miss the adder.
The adder is heavily wounded.
The bat hits you but does no damage. The bat barely misses you.
The adder bites you but does no damage.
Your shadow imp hits the adder.
The adder dies!
The orc priest looks braver for a moment.
You hit the bat.
The bat is severely wounded.
Your iron imp disappears in a puff of smoke!
The bat hits you but does no damage.
The orc priest mumbles some strange prayers to Beogh against you.
Beogh smites you!
You die...

#...........###.##.#
................##.#
#...........##......
####...#######.##<#
#...# #).... #...#
###### ###...#
#§5...# . #♣##.##
....##b##.#
...o..ogK.K#
.....o#gw(..gb..
#...#.......#.#. ###
#....#### #."....
#.#.#.# .#.#.#.


You could see a worm, an orc priest, an orc, 2 goblins, a bat, a kobold and a
friendly shadow imp.

Vanquished Creatures
  2 adders (D:3)
  3 oozes
  2 worms (D:2)
  A dart slug (D:1)
  2 leopard geckos (D:2)
  An orc (D:3)
  5 bats (D:1)
  2 giant cockroaches
  3 goblins
  6 hobgoblins
  4 jackals
  7 kobolds
  2 quokkas (D:2)
  2 ball pythons
  2 frilled lizards (D:1)
  7 rats
51 creatures vanquished.

Vanquished Creatures (collateral kills)
  An adder (D:3)
1 creature vanquished.

Grand Total: 52 creatures vanquished

Notes
Turn   | Place    | Note
-------+----------+-------------------------------------------
     0 | D:1      | theswoord the Demonspawn Monk began the quest for the Orb.
     0 | D:1      | Reached XP level 1. HP: 18/18 MP: 1/1
    90 | D:1      | Reached skill level 3 in Maces & Flails
   117 | D:1      | Gained mutation: You have sharp toenails. [demonic
                  | ancestry]
   117 | D:1      | Reached XP level 2. HP: 13/24 MP: 2/2
   825 | D:1      | Reached XP level 3. HP: 23/29 MP: 3/3
   946 | D:2      | Reached skill level 4 in Maces & Flails
  1024 | D:2      | Found a hazy altar of Hepliaklqana.
  1026 | D:2      | Found a snail-covered altar of Cheibriados.
  1026 | D:2      | Found a burning altar of Makhleb.
  1031 | D:2      | Found a shattered altar of Ashenzari.
  1179 | D:2      | Found a faded altar of an unknown god.
  1478 | D:2      | Found a bloodstained altar of Trog.
  1724 | D:2      | Found a shadowy altar of Dithmenos.
  1779 | D:3      | Gained mutation: A weak demonic guardian rushes to your
                  | aid. [demonic ancestry]
  1779 | D:3      | Reached XP level 4. HP: 26/35 MP: 4/4
  2038 | D:3      | Gained mutation: You can translocate small distances at
                  | will. [potion of mutation]
  2038 | D:3      | Gained mutation: Armour fits poorly on your strangely
                  | shaped body. [potion of mutation]
  2038 | D:3      | Gained mutation: You have a pair of small antennae on your
                  | head. [potion of mutation]
  2055 | D:3      | Killed from afar by an orc priest

Skill      XL: |  1  2  3 |
---------------+----------+-----
Maces & Flails | 3 4 |  4.8
Fighting       | |  3.0
Dodging        | |  2.6
Stealth        | |  1.7

Action                   |  1- 3 |  4- 6 || total
-------------------------+-------+-------++-------
Melee: Mace              |    47 |       ||    47
       Whip              |   104 |    37 ||   141
       Kick              |    21 |     3 ||    24
  Use: Scroll            |     2 |     1 ||     3
       Potion            |       |     3 ||     3
 Stab: Sleeping          |     6 |       ||     6
       Distracted        |     1 |       ||     1
  Eat: Chunk             |     3 |     1 ||     4
Armor: Leather armour    |    40 |     7 ||    47
       Skin              |       |    25 ||    25
Dodge: Dodged            |   109 |    15 ||   124

Levels and vault maps discovered:
D:1:      minmay_arrival_wavy_path, layout_basic
D:2:      layout_loops_ring, nicolae_overflow_hidden_temple, minitemple,
          lemuel_round_altar, chequers_ecumenical_altar_grove
D:3:      minmay_spotlight, layout_loops_cross, gammafunk_temple_overflow_claw,
          minivault_23, nrook_campfire, yredelemnul_altar_generic
